 Dungeon Crawl Stone Soup version 0.28-a0-1114-g8eb0198dcf (webtiles) character file.

Game seed: 8017979612844233476

838 Peloso the Covered (level 7, -6/62 HPs)
             Began as a Minotaur Fighter on Dec 11, 2021.
             Mangled by an ogre (17 damage)
             ... on level 5 of the Dungeon.
             The game lasted 00:07:43 (4756 turns).

Peloso the Covered (Minotaur Fighter)               Turns: 4756, Time: 00:07:44

Health: -6/62      AC: 17    Str: 21    XL:     7   Next: 67%
Magic:  6/6        EV:  7    Int:  5    God:
Gold:   261        SH:  5    Dex: 11    Spells: 6/6 levels left

rFire   . . .      SeeInvis .   a - +0 long sword
rCold   + . .      Faith    .   c - +0 buckler
rNeg    . . .      Spirit   .   s - +3 plate armour "Wuceosa" {Stlth+}
rPois   .          Reflect  .   (helmet restricted)
rElec   .          Harm     .   (no cloak)
rCorr   .          Rampage  .   u - +0 pair of gloves
Will    .....                   (no boots)
Stlth   ..........              (no amulet)
HPRegen 0.20/turn               j - ring of protection from cold
MPRegen 0.10/turn               (no ring)

@: no status effects
A: horns 2, retaliatory headbutt
a: no special abilities


You were on level 5 of the Dungeon.
You visited 1 branch of the dungeon, and saw 5 of its levels.
You also visited: Sewer.

You collected 261 gold pieces.

Inventory:

Hand Weapons
 a - a +0 long sword (weapon)
 b - a +3 dagger of freezing
Armour
 c - a +0 buckler (worn)
 l - a +0 scale mail
 s - the +3 plate armour "Wuceosa" (worn) {Stlth+}
   (You found it on level 4 of the Dungeon)

   Stlth:     It makes you more stealthy.
 u - a +0 pair of gloves (worn)
Jewellery
 j - a ring of protection from cold (left hand)
Scrolls
 d - a scroll of identify
 g - a scroll of teleportation
 h - a scroll of noise
 i - a scroll of summoning
 p - a scroll of enchant weapon {unknown}
 q - a scroll of fog {unknown}
 r - a scroll of blinking {unknown}
Potions
 e - 2 potions of curing {unknown}
 f - a potion of attraction {unknown}
 k - 3 potions of lignification {unknown}
 m - a potion of cancellation {unknown}
 n - 3 potions of heal wounds
 o - 3 potions of flight
 t - a potion of degeneration {unknown}


   Skills:
 + Level 5.7 Fighting
 + Level 6.1 Long Blades
 + Level 7.0 Armour
 + Level 2.1 Dodging
 + Level 0.3 Stealth
 + Level 4.8 Shields
 + Level 0.2 Unarmed Combat


You had 6 spell levels left.
You didn't know any spells.
Your spell library contained the following spells:

 Spells                   Type           Power      Damage    Failure   Level
 Cause Fear               Hex            0%         N/A       100%        4
 Dragon Form              Tmut           0%         N/A       100%        7
 Dragon's Call            Summ           0%         N/A       100%        9


Dungeon Overview and Level Annotations

Branches:
Dungeon (5/15)              Sewer (visited)
 Temple: D:4-7

Altars:
Vehumet

Annotations:
D:3 3 runed translucent doors, fly's ghost, weakling FoDe


Innate Abilities, Weirdness & Mutations

You have a pair of horns on your head.
You reflexively headbutt those who attack you in melee.


Message History

You headbutt the bush, but do no damage.
The bush is almost destroyed.
You hit the bush but do no damage. You headbutt the bush.
The bush is almost destroyed.
You hit the bush.
The bush is almost destroyed.
You hit the bush but do no damage.
The bush is almost destroyed.
You hit the bush but do no damage. You headbutt the bush.
You destroy the bush!
You now have 254 gold pieces (gained 12).
d - a scroll of identify You now have 261 gold pieces (gained 7).
An ogre comes into view. It is wielding a +0 giant club.
An ogre is nearby!
The ogre hits you with a +0 giant club.
You barely miss the ogre. The ogre barely misses you. You furiously retaliate!
You headbutt the ogre. You hit the ogre.
The ogre is moderately wounded.
The ogre hits you with a +0 giant club!
You barely miss the ogre.
The ogre is moderately wounded.
The ogre hits you with a +0 giant club.
You hit the ogre.
The ogre is heavily wounded.
You hit the ogre.
The ogre is severely wounded.
The ogre hits you with a +0 giant club!
You hit the ogre but do no damage. You headbutt the ogre.
The ogre is severely wounded.
The ogre hits you with a +0 giant club!
* * * LOW HITPOINT WARNING * * *
You hit the ogre.
The ogre is almost dead.
You block the ogre's attack.
You closely miss the ogre. You headbutt the ogre.
The ogre is almost dead.
The ogre hits you with a +0 giant club!
You die...

....+..>.# ....##.#.#
....##.#.# ....##.#.#
....##.#.# .......#.#
.......#.#
.......#.#.###########
.......'.#.....O@....#
.......#############.#
.......'.....# #.#
.......#####.# #.#
+####### #.# #.# #.#
#.# #.# #.# . #.# #.#
. #.# #.#


You could see an ogre.

Vanquished Creatures
  A hornet (D:5)
  A necrophage (D:4)
  A black bear (D:5)
  A kobold brigand (Sewer)
  A water moccasin skeleton (D:4)
  2 jellies
  2 hounds (D:4)
  Robin (D:3)
  5 adders
  3 river rats
  A shadow imp (D:5)
  4 worms
  4 dart slugs
  5 orcs
  5 ball pythons
  12 endoplasms
  3 giant cockroaches
  12 hobgoblins
  6 jackals
  10 kobolds
  2 quokkas (D:2)
  4 bats
  5 frilled lizards
  13 goblins
  10 rats
  A bush (D:5)
115 creatures vanquished.

Vanquished Creatures (others)
  An adder skeleton (D:4)
  An endoplasm (D:4)
2 creatures vanquished.

Grand Total: 117 creatures vanquished

Notes
Turn   | Place    | Note
-------+----------+-------------------------------------------
     0 | D:1      | Peloso the Minotaur Fighter began the quest for the Orb.
     0 | D:1      | Reached XP level 1. HP: 19/19 MP: 0/0
   294 | D:1      | Reached XP level 2. HP: 18/27 MP: 1/1
   914 | D:2      | Reached XP level 3. HP: 31/34 MP: 2/2
   917 | D:2      | Reached skill level 4 in Armour
  1216 | D:2      | Found a faded altar of an unknown god.
  1216 | D:2      | Noticed a neqoxec
  1232 | D:2      | Reached skill level 5 in Fighting
  1232 | D:2      | Reached XP level 4. HP: 37/42 MP: 3/3
  1702 | D:3      | Noticed Robin
  1728 | D:3      | Killed Robin
  1878 | D:3      | Found a glowing drain.
  1882 | Sewer    | Entered a sewer
  1892 | Sewer    | Reached XP level 5. HP: 33/48 MP: 4/4
  2083 | Sewer    | Reached skill level 5 in Armour
  2315 | Sewer    | Found a white marble altar of Elyvilon.
  2589 | D:3      | Found a runed translucent gate.
  2589 | D:3      | Found a runed translucent gate.
  2589 | D:3      | Found a runed translucent gate.
  2592 | D:3      | Noticed fly's ghost (weakling FoDe)
  3081 | D:4      | Reached skill level 1 in Dodging
  3102 | D:4      | Found a radiant altar of Vehumet.
  3130 | D:4      | Reached XP level 6. HP: 51/56 MP: 5/5
  3882 | D:4      | Reached skill level 5 in Long Blades
  3893 | D:4      | Reached skill level 6 in Armour
  4042 | D:4      | Identified the +3 plate armour "Wuceosa" {Stlth+}
  4308 | D:5      | Entered Level 5 of the Dungeon
  4311 | D:5      | Reached XP level 7. HP: 57/61 MP: 6/6
  4342 | D:5      | Noticed a hornet
  4351 | D:5      | Paralysed by a hornet for 2 turns
  4356 | D:5      | Killed a hornet
  4605 | D:5      | Reached skill level 7 in Armour
  4756 | D:5      | Mangled by an ogre

Illustrated notes

Levels and vault maps discovered:
D:1:      dpeg_arrival_houses_and_road, layout_rooms,
          chequers_serial_rivers_micro_d
D:2:      layout_rooms, dreamdust_ecumenical_altar_sealed_demon
D:3:      layout_basic, gup_sewer_entry_spiral, gammafunk_ghost_split,
          minmay_misc_feat_cross, uniq_robin
D:4:      layout_loops_corners, fiery_altar_vehumet,
          kennysheep_opposing_triangles
D:5:      cheibrodos_quashed, layout_basic, kennysheep_mini_moat,
          minmay_temple_entry_ruins, minmay_hedge_maze,
          chequers_serial_rivers_micro_b, chequers_serial_rivers_micro_d

Skill      XL: |  1  2  3  4  5  6  7 |
---------------+----------------------+-----
Fighting       | 4 5 |  5.7
Shields        | 4 |  4.8
Armour         | 4 5 6 7 |  7.0
Long Blades    | 3 4 5 6 |  6.1
Dodging        | 1 2 |  2.1
Stealth        | |  0.3
Unarmed Combat | |  0.2

Action                   |  1- 3 |  4- 6 |  7- 9 || total
-------------------------+-------+-------+-------++-------
Melee: Long sword        |    82 |   176 |    55 ||   313
       Headbutt          |    10 |    31 |    17 ||    58
       Unarmed           |       |    17 |       ||    17
  Use: Scroll            |       |     3 |       ||     3
       Potion            |       |       |     1 ||     1
Armor: Scale mail        |    47 |    76 |       ||   123
       Plate armour      |       |     2 |    12 ||    14
Dodge: Dodged            |    46 |    99 |     5 ||   150
Block: Buckler           |    20 |    37 |     5 ||    62

Table legend: (Time is in decaauts)
 A = Elapsed time spent in this place.
 B = Non-inter-level travel time spent in this place.
 C = Inter-level travel time spent in this place.
 D = Time resting spent in this place.
 E = Time spent auto-exploring this place.
 F = Levels seen in this place.
 G = Mean time per level.
                   A        B        C        D        E       F      G
               +--------+--------+--------+--------+--------+-----+--------+
         Total |   4887 |   4748 |    139 |      0 |   3614 |   6 |  814.5 |
       Dungeon |   4373 |   4234 |    139 |      0 |   3198 |   5 |  874.6 |
         Sewer |    514 |    514 |      0 |      0 |    416 |   1 |  514.0 |
               +--------+--------+--------+--------+--------+-----+--------+

Top non-repeatable levels by time:
     D:4: 1514 daAuts
     D:1: 914 daAuts
     D:3: 818 daAuts
     D:2: 670 daAuts
   Sewer: 514 daAuts
     D:5: 456 daAuts
